 Dungeon Crawl Stone Soup version 0.29-a0-322-g68df515428 (webtiles) character file.

Game seed: 17534287568073433474

12315 Gargoyl the Cleaver (level 11, -7/65 (71) HPs)
             Began as a Gargoyle Abyssal Knight on Apr 8, 2022.
             Was a High Priest of Lugonu.
             Killed from afar by Erica (19 damage)
             ... with a lance of force
             ... on level 1 of the Lair of Beasts.
             The game lasted 00:13:12 (11583 turns).

Gargoyl the Cleaver (Gargoyle Abyssal Knight)      Turns: 11583, Time: 00:13:13

HP:   -7/65 (71)    AC: 28    Str: 23    XL:     11   Next: 91%
MP:   12/12         EV: 12    Int: 20    God:    Lugonu [*****.]
Gold: 340           SH:  0    Dex: 16    Spells: 10/10 levels left

rFire   . . .      SeeInvis .   z - +8 battleaxe "Zeysar" {venom, Drain Fly Int+9}
rCold   . . .      Faith    .   (shield currently unavailable)
rNeg    + . .      Spirit   .   F - +0 plate armour
rPois   ∞          Reflect  .   x - +0 helmet
rElec   +          Harm     .   i - +0 cloak
rCorr   .          Rampage  .   (no gloves)
Will    .....                   f - +2 pair of boots
Stlth   ..........              B - amulet "Qeofro" {Acrobat Dex+2}
HPRegen 0.20/turn               h - +4 ring of evasion
MPRegen 0.13/turn               j - +6 ring of strength

@: flying, drained, unable to read
A: sickness immunity, AC +8, negative energy resistance 1, electricity
resistance, torment resistance 1, petrification resistance, wild magic 1,
inability to read while threatened
a: Renounce Religion, Depart the Abyss, Bend Space, Banish, Corrupt, Enter the
Abyss


You were on level 1 of the Lair of Beasts.
You worshipped Lugonu.
Lugonu was extremely pleased with you.
You visited 2 branches of the dungeon, and saw 11 of its levels.
You visited the Abyss 1 time.
You also visited: Bailey.

You collected 470 gold pieces.
You spent 130 gold pieces at shops.

Inventory:

Hand Weapons
 a - a +3 vorpal hand axe
 n - a +4 triple sword of holy wrath
 z - the +8 battleaxe "Zeysar" (weapon) {venom, Drain Fly Int+9}
   (You acquired it in a bailey)

   It poisons the flesh of those it strikes.
   Int:       It affects your intelligence (+9).
   Fly:       It grants you flight.
   Drain:     It drains your maximum health when unequipped.
 H - a +3 war axe
 J - the +4 hand axe of a Gauntlet {flame, rElec rPois Int+2}
   (You found it on level 10 of the Dungeon)

   It burns those it strikes, dealing additional fire damage.
   Big, fiery blades are also staple armaments of hydra-hunters.
   Int:       It affects your intelligence (+2).
   rElec:     It insulates you from electricity.
   rPois:     It protects you from poison.
Missiles
 b - 20 poisoned darts (quivered)
Armour
 f - a +2 pair of boots (worn)
 i - a +0 cloak (worn)
 x - a +0 helmet (worn)
 F - a +0 plate armour (worn)
Jewellery
 h - a +4 ring of evasion (left hand)
 j - a +6 ring of strength (right hand)
 p - a ring of protection from fire
 w - a ring of see invisible
 y - a ring of positive energy
 B - the amulet "Qeofro" (around neck) {Acrobat Dex+2}
   (You found it in a bailey)

   [amulet of the acrobat]

   It increases your evasion while moving and waiting.
   Dex:       It affects your dexterity (+2).
 D - an amulet of guardian spirit
 I - an amulet of reflection
Wands
 d - a wand of iceblast (12)
 r - a wand of charming (5)
 s - a wand of digging (8)
Scrolls
 l - 5 scrolls of identify
 q - 2 scrolls of magic mapping
 E - 2 scrolls of teleportation
Potions
 c - a potion of haste
 e - 2 potions of flight {unknown}
 g - 3 potions of curing
 k - a potion of heal wounds
 m - 2 potions of magic
 o - a potion of ambrosia {unknown}
 t - a potion of attraction {unknown}
 u - a potion of cancellation {unknown}
 v - 3 potions of lignification {unknown}
 A - a potion of brilliance
 C - a potion of invisibility


   Skills:
 + Level 9.0 Fighting
 + Level 12.6 Axes
 + Level 2.2 Throwing
 + Level 9.2 Armour
 + Level 3.0 Dodging
 + Level 5.0 Stealth
 + Level 2.1 Invocations
 + Level 0.9 Evocations


You had 10 spell levels left.
You didn't know any spells.
Your spell library contained the following spells:

 Spells                   Type           Power      Damage    Failure   Level
 Animate Skeleton         Necr           0%         N/A       96%         1
 Apportation              Tloc           0%         N/A       96%         1
 Magic Dart               Conj           0%         1d3       96%         1
 Summon Small Mammal      Summ           0%         N/A       96%         1
 Ensorcelled Hibernation  Hex/Ice        0%         N/A       99%         2
 Passwall                 Tmut/Erth      0%         N/A       99%         2
 Searing Ray              Conj           0%         2d4       99%         2
 Static Discharge         Conj/Air       0%         N/A       99%         2
 Frozen Ramparts          Ice            0%         1d2       100%        3
 Gell's Gravitas          Tloc           0%         N/A       100%        3
 Swiftness                Air            0%         N/A       100%        3
 Teleport Other           Tloc           0%         N/A       100%        3
 Fulminant Prism          Conj/Hex       0%         3d6       100%        4
 Ice Form                 Ice/Tmut       0%         N/A       100%        4
 Summon Ice Beast         Ice/Summ       0%         N/A       100%        4
 Lightning Bolt           Conj/Air       0%         1d11      100%        5
 Dispersal                Tloc           0%         N/A       100%        6
 Maxwell's Capacitive Co  Air            0%         ∞         100%        8


Dungeon Overview and Level Annotations

Branches:
Dungeon (10/15)            Temple (0/1) D:6            Lair (1/6) D:9
    Orc (0/2) D:10         Bailey (visited)

Altars:
Elyvilon
Fedhas
Trog
Uskayaw
Vehumet
Yredelemnul
Zin
Beogh

Shops:
D:5 *   D:8 :

Annotations:
D:3 1 transporter, P0WERM0DE's ghost, weakling DjWr
D:10 4 runed translucent doors, Urug
Lair:1 Erica


Innate Abilities, Weirdness & Mutations

You are immune to sickness and miasma.
Your stone body is resilient. (AC +8)
You are immune to poison.
You resist negative energy. (rN+)
You are resistant to electric shocks. (rElec)
You are resistant to unholy torment.
You are immune to petrification.
Your spells are a little harder to cast, but a little more powerful.
You sometimes lose the ability to read scrolls when taking damage.


Message History

The three-headed hydra bites you! Something hits you but does no damage.
Unknown command.
You lop one of the three-headed hydra's heads off!
The flame cauterises the wound!
You hit the two-headed hydra. You burn the two-headed hydra.
The two-headed hydra is severely wounded.
You barely miss something. The two-headed hydra bites you.
The two-headed hydra bites you but does no damage.
Unknown command.
You hack one of the two-headed hydra's heads off!
The flame cauterises the wound!
You hit the one-headed hydra. You burn the one-headed hydra.
The one-headed hydra is severely wounded.
You miss something.
You hear some strange, mumbled words.
A lance of force appears from out of thin air!
The lance of force hits you!!
* * * LOW HITPOINT WARNING * * *
You are knocked back by the lance of force.
You slam into the rock wall!
* * * LOW HITPOINT WARNING * * *
You chop the one-headed hydra's last head off!
You kill the one-headed hydra!
Lugonu accepts your kill.
You hit something. You burn something. Something hits you.
* * * LOW HITPOINT WARNING * * *
Something burns you.
* * * LOW HITPOINT WARNING * * *
Your Fighting skill increases to level 9!
The +4 hand axe of a Gauntlet {flame, rElec rPois Int+2} stops flaming.
You feel clever.
You fly up into the air.
The +8 battleaxe "Zeysar" {venom, Drain Fly Int+9} begins to drip with poison!
z - the +8 battleaxe "Zeysar" (weapon)
{venom, Drain Fly Int+9} You slash something!
A black mamba comes into view.
You hear some strange, mumbled words.
A lance of force appears from out of thin air!
The lance of force hits you!!
You die...

.. ........ .#. ........
.... #.....# .....
#.....# .....## ##.#....
#......### .##.....
#........# #...#...
#.......{### ###.......
#....#..@..# #...#.....
##....###..#####...#.....
##P.......##............
##..####..........#...#
#. ##.#.....###...# #
###.##....# #.#..
#......S..# #....
.............# #....
#P.......#...# #...#


You could see a black mamba (wandering).

Vanquished Creatures
  An orc warlord (Bailey)
  A hydra (Lair:1)
  2 two-headed ogres (D:9)
  Pikel (D:5)
  A cyclops (D:10)
  A black mamba (Lair:1)
  A cane toad (Lair:1)
  2 komodo dragons
  A tengu conjurer (D:10)
  3 trolls (D:10)
  5 hornets
  Prince Ribbit (D:7)
  A wraith (D:10)
  5 yaks (D:10)
  2 acid dragons
  5 water moccasins
  6 orc warriors
  A sky beast (D:7)
  A black bear (D:7)
  2 ogres
  5 centaurs
  A phantom (D:5)
  3 bullfrogs
  Blork the orc (D:6)
  3 kobold brigands
  A gnoll sergeant (D:8)
  A necrophage (D:6)
  18 wights
  6 killer bees
  3 howler monkeys
  4 hounds
  A jelly (D:4)
  5 orc priests
  3 iguanas
  4 orc wizards
  9 gnolls
  5 adders
  A shadow imp (D:7)
  2 white imps
  An ufetubus (D:7)
  3 worms
  3 dart slugs
  27 orcs
  4 ball pythons
  8 endoplasms
  5 giant cockroaches
  12 goblins
  10 hobgoblins
  2 jackals (D:3)
  27 kobolds
  3 quokkas
  6 bats
  3 frilled lizards
  3 rats (D:3)
236 creatures vanquished.

Vanquished Creatures (others)
  2 fungi (Lair:1)
2 creatures vanquished.

Grand Total: 238 creatures vanquished

Notes
Turn   | Place    | Note
-------+----------+-------------------------------------------
     0 | Abyss:1  | Gargoyl the Gargoyle Abyssal Knight began the quest for the
                  | Orb.
     0 | Abyss:1  | Reached XP level 1. HP: 14/14 MP: 2/2
     0 | D:1      | Escaped the Abyss
   434 | D:1      | Reached skill level 1 in Dodging
   445 | D:1      | Reached XP level 2. HP: 20/20 MP: 3/3
  1159 | D:2      | Reached ** piety under Lugonu
  1160 | D:2      | Reached skill level 2 in Axes
  1160 | D:2      | Reached XP level 3. HP: 19/24 MP: 4/4
  1875 | D:2      | Reached XP level 4. HP: 27/29 MP: 5/5
  2131 | D:3      | Reached skill level 3 in Axes
  2137 | D:3      | HP: 1/29 [something (1)]
  2150 | D:3      | Reached XP level 5. HP: 2/33 MP: 6/6
  2587 | D:3      | Noticed P0WERM0DE's ghost (weakling DjWr)
  2628 | D:3      | Found a transporter.
  2731 | D:3      | Found a faded altar of an unknown god.
  2744 | D:3      | Found a radiant altar of Vehumet.
  3297 | D:4      | Noticed a water moccasin
  3329 | D:4      | Killed a water moccasin
  3330 | D:4      | Reached skill level 4 in Axes
  3330 | D:4      | Reached XP level 6. HP: 11/39 MP: 7/7
  3579 | D:4      | Reached *** piety under Lugonu
  4430 | D:5      | Entered Level 5 of the Dungeon
  4465 | D:5      | Reached XP level 7. HP: 44/44 MP: 8/8
  4741 | D:5      | Reached skill level 5 in Axes
  5320 | D:5      | Found Ahuoskij's Assorted Antiques.
  5593 | D:5      | Bought a scratched sapphire ring for 130 gold pieces
  5707 | D:5      | Reached skill level 5 in Fighting
  6311 | D:6      | Noticed Pikel
  6345 | D:5      | Killed Pikel
  6346 | D:5      | Reached skill level 6 in Axes
  6346 | D:5      | Reached skill level 5 in Armour
  6346 | D:5      | Reached XP level 8. HP: 23/50 MP: 9/9
  6545 | D:6      | Gained mutation: You tend to lose your temper in combat.
                  | [potion of mutation]
  6545 | D:6      | Gained mutation: You sometimes lose the ability to read
                  | scrolls when taking damage. [potion of mutation]
  6545 | D:6      | Gained mutation: Your magical capacity is low. (-10% MP)
                  | [potion of mutation]
  6545 | D:6      | Gained mutation: You are covered in fur. (AC +1) [potion of
                  | mutation]
  6708 | D:6      | Reached skill level 1 in Stealth
  6730 | D:6      | Found a staircase to the Ecumenical Temple.
  6841 | D:6      | Reached skill level 1 in Throwing
  6868 | D:6      | Noticed Blork the orc
  6882 | D:6      | Killed Blork the orc
  6989 | D:6      | Found a bloodstained altar of Trog.
  7325 | D:7      | Found a glowing silver altar of Zin.
  7338 | D:7      | Reached skill level 7 in Axes
  7338 | D:7      | Reached XP level 9. HP: 54/55 MP: 9/9
  7385 | D:7      | Found a flagged portal.
  7401 | Bailey   | Entered a bailey
  7406 | Bailey   | Noticed an orc warlord
  7439 | Bailey   | Reached **** piety under Lugonu
  7822 | Bailey   | Found a runed translucent gate.
  7825 | Bailey   | Found a runed translucent gate.
  7827 | Bailey   | Found a runed translucent gate.
  7879 | Bailey   | Killed an orc warlord
  7880 | Bailey   | Reached skill level 8 in Axes
  7906 | Bailey   | Identified the amulet "Qeofro" {Acrobat Dex+2}
  7925 | Bailey   | Acquired the +8 battleaxe "Zeysar" {venom, Drain Fly Int+9}
  8224 | D:7      | Noticed Prince Ribbit
  8230 | D:7      | Killed Prince Ribbit
  8231 | D:7      | Reached XP level 10. HP: 61/61 MP: 10/10
  8255 | D:7      | Found a basalt altar of Yredelemnul.
  8262 | D:7      | Found a blossoming altar of Fedhas.
  8275 | D:7      | Found a white marble altar of Elyvilon.
  8308 | D:7      | Found a hide-covered altar of Uskayaw.
  8455 | D:8      | Identified the +6 spear of Reinforcement {vorpal, rF+ rN+
                  | Dex-4}
  8573 | D:8      | Reached skill level 9 in Axes
  8652 | D:8      | Reached skill level 5 in Stealth
  8718 | D:8      | Found Dyday's Book Shop.
  9125 | D:9      | Noticed a two-headed ogre
  9141 | D:9      | Killed a two-headed ogre
  9142 | D:9      | Reached skill level 10 in Axes
  9244 | D:9      | Reached ***** piety under Lugonu
  9282 | D:9      | Found a staircase to the Lair.
  9564 | D:9      | Noticed a two-headed ogre
  9569 | D:9      | Killed a two-headed ogre
  9570 | D:9      | Reached XP level 11. HP: 57/68 MP: 11/11
 10132 | D:10     | Entered Level 10 of the Dungeon
 10343 | D:10     | Found a large runed translucent door.
 10376 | D:10     | Found a large runed translucent door.
 10390 | D:10     | Reached skill level 11 in Axes
 10466 | D:10     | Identified the +4 hand axe of a Gauntlet {flame, rElec
                  | rPois Int+2}
 10494 | D:10     | Noticed a manticore
 10494 | D:10     | Noticed a deep elf pyromancer
 10495 | D:10     | Noticed Urug
 10500 | D:10     | Found a large runed translucent door.
 10500 | D:10     | Found a large runed translucent door.
 10691 | D:10     | Noticed a cyclops
 10697 | D:10     | Killed a cyclops
 10779 | D:10     | Found a staircase to the Orcish Mines.
 11013 | D:10     | Lost mutation: You are covered in fur. (AC +1) [potion of
                  | mutation]
 11013 | D:10     | Lost mutation: Your magical capacity is low. (-10% MP)
                  | [potion of mutation]
 11013 | D:10     | Lost mutation: You tend to lose your temper in combat.
                  | [potion of mutation]
 11013 | D:10     | Gained mutation: Your spells are a little harder to cast,
                  | but a little more powerful. [potion of mutation]
 11157 | D:10     | Reached skill level 12 in Axes
 11413 | Lair:1   | Entered Level 1 of the Lair of Beasts
 11560 | Lair:1   | Noticed a seven-headed hydra
 11564 | Lair:1   | Noticed Erica
 11581 | Lair:1   | Killed a one-headed hydra
 11583 | Lair:1   | Killed from afar by Erica

Illustrated notes

Levels and vault maps discovered:
D:1:      ebering_hopf_link, layout_basic, hex_medium, hex_intersection
D:2:      layout_rooms
D:3:      layout_loops_ring, lemuel_crystal_altar, gammafunk_ghost_stat_death,
          ebering_ecumenical_altar_hall
D:4:      layout_cave_pods, due_unseen_surprise
D:5:      layout_loops_corners, serial_shops, nicolae_lakefront_shop,
          grunt_ministairs_14
D:6:      layout_basic, mainiacjoe_overflow_alcove_4,
          minmay_temple_entry_mini_moons, uniq_pikel, uniq_blork_the_orc
D:7:      layout_rooms, mainiacjoe_overflow_six_doors_small,
          minmay_overflow_temple_star_quad, mainiacjoe_overflow_catwalk,
          enter_bailey_6, uniq_prince_ribbit1
D:8:      layout_basic, serial_shops, nicolae_shop_hallway_stairs,
          minmay_misc_feat_five, minmay_diced_spiral
D:9:      gammafunk_indiana_jones, layout_loops_corners, lair_entry_dummy,
          minmay_holes, abandoned_shop
D:10:     layout_basic, minmay_orc_entry_temple_small,
          chequers_serial_rivers_micro_e, minmay_hollow_rounded_squares,
          uniq_urug
Lair:1:   layout_misc_corridors, uniq_erica

Skill      XL: |  1  2  3  4  5  6  7  8  9 10 11 |
---------------+----------------------------------+-----
Dodging        | 1 2 3 |  3.0
Axes           | 2 3 4 6 7 8 10 12 | 12.6
Fighting       | 4 5 6 7 9 |  9.0
Armour         | 3 5 6 7 8 9 |  9.2
Stealth        | 1 4 5 |  5.0
Throwing       | 1 2 |  2.2
Invocations    | |  2.1
Evocations     | |  0.9

Action                   |  1- 3 |  4- 6 |  7- 9 | 10-12 || total
-------------------------+-------+-------+-------+-------++-------
Melee: Hand axe          |   101 |   189 |   243 |    10 ||   543
       Punch             |       |     3 |     3 |       ||     6
       Battleaxe         |       |       |     8 |   230 ||   238
Throw: Dart              |       |       |    10 |       ||    10
Invok: Depart the Abyss  |     1 |       |       |       ||     1
Evoke: Wand              |       |       |     4 |       ||     4
  Use: Scroll            |     4 |     3 |    10 |     5 ||    22
       Potion            |       |     2 |     3 |     4 ||     9
 Stab: Invisible         |       |     1 |     7 |       ||     8
Armor: Leather armour    |    62 |       |       |       ||    62
       Ring mail         |       |    42 |       |       ||    42
       Chain mail        |       |    80 |   115 |    23 ||   218
       Plate armour      |       |       |       |   141 ||   141
Dodge: Dodged            |    92 |   124 |   171 |   252 ||   639

Table legend: (Time is in decaauts)
 A = Elapsed time spent in this place.
 B = Non-inter-level travel time spent in this place.
 C = Inter-level travel time spent in this place.
 D = Time resting spent in this place.
 E = Time spent auto-exploring this place.
 F = Levels seen in this place.
 G = Mean time per level.
                   A        B        C        D        E       F      G
               +--------+--------+--------+--------+--------+-----+--------+
         Total |  11644 |  11305 |    339 |    936 |   8238 |  13 |  895.7 |
       Dungeon |  10862 |  10524 |    338 |    568 |   8104 |  10 | 1086.2 |
          Lair |    167 |    167 |      0 |      0 |    105 |   1 |  167.0 |
         Abyss |      0 |      0 |      0 |      0 |      0 |   1 |    0.0 |
        Bailey |    615 |    615 |      0 |    368 |     29 |   1 |  615.0 |
               +--------+--------+--------+--------+--------+-----+--------+

Top non-repeatable levels by time:
     D:5: 1863 daAuts
     D:4: 1534 daAuts
    D:10: 1281 daAuts
     D:3: 1151 daAuts
     D:1: 1147 daAuts
     D:9: 1060 daAuts
     D:2: 839 daAuts
     D:6: 752 daAuts
     D:8: 691 daAuts
  Bailey: 615 daAuts
     D:7: 540 daAuts
  Lair:1: 167 daAuts
